 Dungeon Crawl Stone Soup version 0.30-a0-737-gf23d94013f (webtiles) character file.

Game seed: 8785178346290855956

3076 karrick the Cleaver (level 9, -4/56 HPs)
             Began as a Gargoyle Fighter on Feb 3, 2023.
             Was a Priest of Okawaru.
             Killed from afar by a steam dragon (21 damage)
             ... with a ball of steam
             ... on level 8 of the Dungeon.
             The game lasted 00:09:22 (5502 turns).

karrick the Cleaver (Gargoyle Fighter)              Turns: 5502, Time: 00:09:23

Health: -4/56      AC: 15    Str: 20    XL:     9   Next: 88%
Magic:  9/9        EV:  9    Int: 15    God:    Okawaru [***...]
Gold:   37         SH:  6    Dex: 19    Spells: 8/8 levels left

rFire   . . .      SeeInvis .    a - +0 war axe
rCold   . . .      Faith    .    c - +0 buckler
rNeg    + . .      Spirit   .    b - +0 scale mail
rPois   ∞          Reflect  .    (no helmet)
rElec   +          Harm     .    (no cloak)
rCorr   .          Rampage  .    f - +0 pair of gloves
Will    .....                    (no boots)
Stlth   +                        (no amulet)
HPRegen 0.29/turn                m - +6 ring of dexterity
MPRegen 0.11/turn                n - +6 ring of intelligence

@: mighty
A: sickness immunity, AC +6, negative energy resistance 1, electricity
resistance, torment resistance 1, petrification resistance
a: Renounce Religion, Heroism


You were on level 8 of the Dungeon.
You worshipped Okawaru.
Okawaru was most pleased with you.
You visited 1 branch of the dungeon, and saw 8 of its levels.

You collected 289 gold pieces.
You spent 252 gold pieces at shops.

Inventory:

Hand Weapons
 a - a +0 war axe (weapon)
 e - a +1 flail of venom
 H - the +1 morningstar "Orb Guardian's Curse" {spect, Str+4 Int-5}
   (You bought it in a shop on level 4 of the Dungeon)

   Str:       It affects your strength (+4).
   Int:       It affects your intelligence (-5).
Armour
 b - a +0 scale mail (worn)
 c - a +0 buckler (worn)
 f - a +0 pair of gloves (worn)
Jewellery
 m - a +6 ring of dexterity (left hand)
 n - a +6 ring of intelligence (right hand)
 v - a ring of magical power
 x - a ring of fire
Wands
 A - a wand of roots (11)
 F - a wand of polymorph (5)
Scrolls
 d - a scroll of fog {unknown}
 g - 2 scrolls of poison {unknown}
 j - 5 scrolls of identify {unknown}
 l - a scroll of torment {unknown}
 o - 3 scrolls of fear {unknown}
 p - a scroll of enchant armour {unknown}
 s - 4 scrolls of blinking {unknown}
 u - 3 scrolls of teleportation {unknown}
 w - a scroll of silence {unknown}
 y - 2 scrolls of vulnerability {unknown}
 C - 2 scrolls of amnesia {unknown}
Potions
 h - a potion of brilliance {unknown}
 i - a potion of berserk rage {unknown}
 k - 2 potions of attraction {unknown}
 q - 2 potions of magic {unknown}
 r - 4 potions of degeneration {unknown}
 t - 4 potions of curing {unknown}
 z - a potion of ambrosia {unknown}
 B - a potion of haste
 E - a potion of flight {unknown}


   Skills:
 + Level 6.9 Fighting
 + Level 8.7 Axes
 + Level 7.9 Armour
 + Level 0.7 Stealth
 + Level 5.9 Shields
 + Level 0.3 Evocations


You had 8 spell levels left.
You didn't know any spells.
Your spell library contained the following spells:

 Spells                   Type           Power      Damage    Failure   Level
 Necrotise                Necr           0%         1d4       65%         1
 Ensorcelled Hibernation  Hex/Ice        0%         N/A       78%         2
 Spider Form              Tmut/Pois      0%         N/A       95%         3
 Vampiric Draining        Necr           0%         2d6       95%         3
 Anguish                  Hex/Necr       0%         N/A       100%        4
 Agony                    Necr           0%         N/A       100%        5


Dungeon Overview and Level Annotations

Branches:
Dungeon (8/15)             Temple (0/1) D:4
   Lair: D:8-11

Altars:
Gozag
Okawaru
Qazlal
Ru
Sif Muna
Trog
Uskayaw
Vehumet
Zin

Shops:
D:4 (*

Annotations:
D:7 Dowan, Menkaure


Innate Abilities, Weirdness & Mutations

You are immune to sickness and miasma.
Your stone body is resilient. (AC +6)
You are immune to poison.
You resist negative energy. (rN+)
You are resistant to electric shocks. (rElec)
You are resistant to unholy torment.
You are immune to petrification.


Message History

The scorpion stings you but does no damage.
The ice beast barely misses you. The scorpion closely misses you.
You closely miss the ice beast.
The ice beast is heavily wounded.
You hit the scorpion. The ice beast hits you. The ice beast freezes you!
The scorpion closely misses you.
You slice the ice beast!!
You kill the ice beast!
Okawaru accepts your kill.
You hit the scorpion.
The scorpion stings you but does no damage.
You slash the scorpion!
You kill the scorpion!
Okawaru accepts your kill. The steam dragon breathes steam at you.
The ball of steam misses you.
You hit the steam dragon.
The steam dragon is lightly wounded.
The steam dragon barely misses you.
The steam dragon claws you but does no damage.
You barely miss the steam dragon.
The steam dragon is lightly wounded.
The steam dragon bites you but does no damage.
The steam dragon completely misses you.
You barely miss the steam dragon.
The steam dragon is lightly wounded.
The steam dragon bites you.
The steam dragon claws you but does no damage.
You hit the steam dragon.
The steam dragon is lightly wounded.
The steam dragon bites you but does no damage.
The steam dragon claws you but does no damage.
You slice the steam dragon!!
The steam dragon is severely wounded.
The steam dragon breathes steam at you. The ball of steam hits you!
* * * LOW HITPOINT WARNING * * *
The steam dragon breathes steam at you. The ball of steam hits you!!
You die...

#### #<.##
#†#..#
#.###.##
#.# #.D##
#.#
##§.#######
..#
#@§§......
..#
#########.
.D


You could see a steam dragon (catching breath).

Vanquished Creatures
  Pikel (D:5)
  A yak (D:5)
  A vampire mosquito (D:5)
  2 water moccasins
  A sky beast (D:7)
  2 ice beasts
  2 black bears
  An ogre (D:5)
  2 phantoms
  A bullfrog (D:7)
  A kobold brigand (D:7)
  A necrophage (D:8)
  3 scorpions
  6 killer bees (D:6)
  2 howler monkeys
  4 jellies
  3 hounds
  An orc priest (D:4)
  A gnoll bouda (D:5)
  4 iguanas
  Natasha (D:4)
  2 orc wizards
  15 gnolls
  11 adders
  A white imp (D:5)
  3 ufetubi
  2 worms
  A dart slug (D:1)
  8 orcs
  6 ball pythons
  3 endoplasms
  2 giant cockroaches
  7 goblins
  4 hobgoblins
  8 jackals (D:1)
  3 kobolds
  7 quokkas
  4 bats
  4 frilled lizards
  6 rats
138 creatures vanquished.

Vanquished Creatures (others)
  8 plants
8 creatures vanquished.

Grand Total: 146 creatures vanquished

Notes
Turn   | Place    | Note
-------+----------+-------------------------------------------
     0 | D:1      | karrick the Gargoyle Fighter began the quest for the Orb.
     0 | D:1      | Reached XP level 1. HP: 14/14 MP: 1/1
    45 | D:1      | Reached XP level 2. HP: 8/19 MP: 2/2
   101 | D:1      | Reached skill level 2 in Axes
   108 | D:1      | Found a faded altar of an unknown god.
   141 | D:1      | Reached XP level 3. HP: 23/24 MP: 3/3
   573 | D:2      | Reached XP level 4. HP: 25/29 MP: 4/4
   794 | D:2      | Reached skill level 3 in Axes
  1102 | D:3      | Reached XP level 5. HP: 28/33 MP: 5/5
  1574 | D:3      | Found a sacrificial altar of Ru.
  1593 | D:3      | Reached skill level 4 in Axes
  1593 | D:3      | Reached XP level 6. HP: 38/38 MP: 6/6
  1889 | D:4      | Found a hide-covered altar of Uskayaw.
  1927 | D:4      | Found Tiyskyga's Assorted Antiques.
  2040 | D:4      | Found Xescher's Antique Weapon Shoppe.
  2124 | D:4      | Noticed a black bear
  2129 | D:4      | Noticed Natasha
  2130 | D:4      | Killed a black bear
  2131 | D:4      | Reached skill level 5 in Armour
  2131 | D:4      | Reached XP level 7. HP: 44/44 MP: 7/7
  2134 | D:5      | Entered Level 5 of the Dungeon
  2136 | D:5      | Reached skill level 5 in Axes
  2237 | D:5      | Found a stormy altar of Qazlal.
  2241 | D:5      | Found a bloodstained altar of Trog.
  2241 | D:5      | Found an iron altar of Okawaru.
  2254 | D:5      | Found a glowing silver altar of Zin.
  2257 | D:5      | Found a radiant altar of Vehumet.
  2265 | D:5      | Became a worshipper of Warmaster Okawaru
  2776 | D:5      | Found an opulent altar of Gozag.
  3040 | D:5      | Identified the +4 dagger of Valiance {freeze, rN+ Stlth+}
  3207 | D:5      | Reached skill level 5 in Fighting
  3207 | D:5      | Reached XP level 8. HP: 49/49 MP: 8/8
  3281 | D:5      | Noticed a yak
  3287 | D:5      | Reached * piety under Okawaru
  3294 | D:5      | Killed a yak
  3295 | D:5      | Reached skill level 6 in Axes
  3433 | D:4      | Noticed a yak
  3773 | D:4      | Found a staircase to the Ecumenical Temple.
  3917 | D:4      | Killed Natasha
  3918 | D:4      | Reached skill level 5 in Shields
  4302 | D:6      | Noticed Pikel
  4328 | D:5      | Killed Pikel
  4328 | D:5      | Reached ** piety under Okawaru
  4329 | D:5      | Reached skill level 7 in Axes
  4329 | D:5      | Reached XP level 9. HP: 39/54 MP: 9/9
  4492 | D:6      | Found a shimmering blue altar of Sif Muna.
  4701 | D:6      | Reached skill level 8 in Axes
  5354 | D:4      | Bought a crude morningstar for 252 gold pieces
  5354 | D:4      | Identified the +1 morningstar "Orb Guardian's Curse"
                  | {spect, Str+4 Int-5} (You bought it in a shop on level 4 of
                  | the Dungeon)
  5446 | D:7      | Noticed Dowan
  5462 | D:8      | Reached *** piety under Okawaru
  5478 | D:7      | Noticed Menkaure
  5502 | D:8      | Killed from afar by a steam dragon

Illustrated notes

Levels and vault maps discovered:
D:1:      eino_arrival_water_cross, layout_rooms, ebering_ecumenical_altar_rust,
          minmay_misc_feat_pillars
D:2:      layout_basic
D:3:      layout_loops_ring, hangedman_ru_absence, serial_forest,
          infiniplex_forest_side_room, infiniplex_forest_lined_room_3,
          infiniplex_forest_clump_double, infiniplex_forest_end_3,
          infiniplex_forest_clump_double
D:4:      minmay_general_purpose_star, layout_basic,
          mainiacjoe_overflow_tiny_flanked, minmay_temple_entry_offerings,
          serial_shops, nicolae_shop_hallway_stairs,
          nicolae_shop_advertising_works [nicolae_subvault_shop_adworks],
          kennysheep_cross_room, lightli_corner_chamber, uniq_natasha
D:5:      kennysheep_big_flooded_room, layout_basic,
          minmay_overflow_temple_star_hex, lemuel_tele_altar
D:6:      layout_basic, nicolae_sif_muna_little_library, uniq_pikel
D:7:      layout_rooms, nzn_ghost_randoct, minmay_bent, uniq_menkaure,
          uniq_duvessa
D:8:      minmay_the_grid_triangle_9x9_rhombus_full
          [minmay_the_grid_triangle_9x9_sparse_checkered,
          minmay_the_grid_triangle_9x9_from_above,
          minmay_the_grid_triangle_9x9_subtriangle,
          minmay_the_grid_triangle_9x9_corruption,
          minmay_the_grid_triangle_9x9_corrupted_corridor,
          minmay_the_grid_triangle_9x9_stretched_checkered,
          minmay_the_grid_triangle_9x9_descending_squares,
          minmay_the_grid_triangle_9x9_prize_schism], layout_layer_cave,
          lair_entry_dummy, st_stairs_8, uniq_maggie

Skill      XL: |  1  2  3  4  5  6  7  8  9 |
---------------+----------------------------+-----
Axes           | 2 3 4 5 7 8 |  8.7
Armour         | 4 5 7 |  7.9
Fighting       | 4 5 6 |  6.9
Shields        | 4 5 |  5.9
Stealth        | |  0.7
Evocations     | |  0.3

Action                     |  1- 3 |  4- 6 |  7- 9 || total
---------------------------+-------+-------+-------++-------
  Melee: War axe           |    80 |   153 |   281 ||   514
  Evoke: Wand              |       |       |     3 ||     3
    Use: Potion            |       |     5 |     3 ||     8
 Armour: Scale mail        |    56 |    93 |   217 ||   366
  Dodge: Dodged            |    55 |    68 |   135 ||   258
  Block: Buckler           |    19 |    46 |    85 ||   150

Table legend: (Time is in decaauts)
 A = Elapsed time spent in this place.
 B = Non-inter-level travel time spent in this place.
 C = Inter-level travel time spent in this place.
 D = Time resting spent in this place.
 E = Time spent auto-exploring this place.
 F = Levels seen in this place.
 G = Mean time per level.
                   A        B        C        D        E       F      G
               +--------+--------+--------+--------+--------+-----+--------+
         Total |   5663 |   5467 |    196 |    105 |   4259 |   8 |  707.9 |
       Dungeon |   5663 |   5467 |    196 |    105 |   4259 |   8 |  707.9 |
               +--------+--------+--------+--------+--------+-----+--------+

Top non-repeatable levels by time:
     D:5: 1502 daAuts
     D:6: 1043 daAuts
     D:4: 1017 daAuts
     D:3: 828 daAuts
     D:2: 593 daAuts
     D:1: 545 daAuts
     D:7: 89 daAuts
     D:8: 43 daAuts
